 Dungeon Crawl Stone Soup version 0.31.0 (webtiles) character file.

Game seed: 13508406780167569648

6 qw the Shooter (level 1, 0/12 HPs)
             Began as a Gargoyle Hunter on Jan 20, 2024.
             Slain by a jackal (2 damage)
             ... on level 1 of the Dungeon.
             The game lasted 00:00:00 (74 turns).

qw the Shooter (Gargoyle Hunter)                      Turns: 74, Time: 00:00:00

Health: 0/12       AC:  5    Str: 14    XL:     1   Next: 90%
Magic:  1/1        EV: 11    Int:  9    God:
Gold:   8          SH:  0    Dex: 13    Spells: 0/0 levels left

rFire   . . .        a - +0 shortbow
rCold   . . .        (shield currently unavailable)
rNeg    + . .        c - +0 leather armour
rPois   inf          (no helmet)
rElec   +            (no cloak)
rCorr   .            (no gloves)
SInv    .            (no boots)
Will    .....        (no amulet)
Stlth   +            (no ring)
HPRegen 0.22/turn    (no ring)
MPRegen 0.07/turn

%: no passive effects
@: no status effects
A: sickness immunity, AC +2, negative energy resistance 1, electricity
resistance, torment resistance 1, petrification resistance
a: no special abilities


You were on level 1 of the Dungeon.
You visited 1 branch of the dungeon, and saw 1 of its levels.

You collected 8 gold pieces.


Innate Abilities, Weirdness & Mutations

You are immune to sickness and miasma.
Your stone body is resilient. (AC +2)
You are immune to poison.
You resist negative energy. (rN+)
You are resistant to electric shocks. (rElec)
You are resistant to unholy torment.
You are immune to petrification.


   Skills:
 - Level 2.1 Fighting
 + Level 4.3 Ranged Weapons
 - Level 1.5 Dodging
 - Level 1.1 Stealth


You couldn't memorise any spells.
You didn't know any spells.
Your spell library was empty.

Inventory:

Hand Weapons
 a - a +0 shortbow (weapon)
Armour
 c - a +0 leather armour (worn)
Jewellery
 d - a ring of ice
Scrolls
 b - a scroll of butterflies

Dungeon Overview and Level Annotations

Branches:
Dungeon (1/15)

Altars:


Message History

You are frozen.
You shoot an arrow. The arrow hits the endoplasm.
You kill the endoplasm!
You start resting.
HP restored.
You see here a ball python corpse.
A jackal comes into view.
Found 18 gold pieces.
The jackal barks!
You hear a bark!
A jackal comes into view. x2
The jackal moves out of view.
You hear a bark!
You shoot an arrow. The arrow closely misses the jackal.
A jackal comes into view.
You shoot an arrow. The arrow barely misses the jackal.
You shoot an arrow. The arrow barely misses the jackal. x2
The arrow hits the jackal.
The jackal is lightly wounded.
You shoot an arrow. The arrow closely misses the jackal.
The arrow hits the jackal but does no damage.
The jackal closely misses you. x2; The jackal bites you.
You shoot an arrow. The arrow misses the jackal.
The jackal bites you but does no damage.
The jackal bites you. x2; The jackal closely misses you.
The jackal bites you but does no damage.
You shoot an arrow. The arrow barely misses the jackal.
The jackal completely misses you. The jackal bites you.
The jackal bites you but does no damage.
The jackal closely misses you.
You shoot an arrow. The arrow closely misses the jackal.
The jackal bites you but does no damage. x2
The jackal stops to sniff the ground.
The jackal closely misses you. The jackal bites you.
The jackal stops to sniff the ground.
The jackal barely misses you. x2
The jackal bites you but does no damage.
You shoot an arrow. The arrow closely misses the jackal.
The jackal closely misses you. The jackal barely misses you.
The jackal bites you.
You die...

## #.# .. #. .# ####
####### ##.
#..###.....# ##.h##
##..#......#
#..h@###..........#
$....#hh.#...#..######
... ##.....###.# .
##._%## ###
#.....###.#
#...#...#..# #
#....###.....# #####
.#..# ##..#.####.... #
##. #..###.....###


You could see 4 jackals.

Vanquished Creatures
  An endoplasm (D:1)
  A giant cockroach (D:1)
  A goblin (D:1)
  A hobgoblin (D:1)
  A ball python (D:1)
5 creatures vanquished.

Notes
Turn   | Place    | Note
-------+----------+-------------------------------------------
     0 | D:1      | qw the Gargoyle Hunter began the quest for the Orb.
     0 | D:1      | Reached XP level 1. HP: 12/12 MP: 1/1
     0 | D:1      | 0 ||| qw: Version: 0.3-a-132-g3d54051
     0 | D:1      | 0 ||| qw: Game counter: 476
     0 | D:1      | 0 ||| qw: Melee chars always use a shield: true
     0 | D:1      | 0 ||| qw: God list: Okawaru
     0 | D:1      | 0 ||| qw: Allow faded altars: false
     0 | D:1      | 0 ||| qw: Do Orc after clearing Dungeon:15 true
     0 | D:1      | 0 ||| qw: Do second Lair branch before Depths: true
     0 | D:1      | 0 ||| qw: Lair rune preference: random
     0 | D:1      | 0 ||| qw: Goals: Normal
     0 | D:1      | 0 ||| PLANNING D:1-11
    24 | D:1      | Found a faded altar of an unknown god.
    72 | D:1      | HP: 3/12 [jackal (2)]
    74 | D:1      | Slain by a jackal

Levels and vault maps discovered:
D:1:      spicycebolla_arrival_xxxplode, layout_rooms,
          nicolae_ecumenical_snake_handling, hangedman_feature_mirror

Action                     || total
---------------------------++-------
   Fire: Shortbow          ||    19
 Armour: Leather armour    ||    12
  Dodge: Dodged            ||    10

Table legend:
 A = Non-vault XP
 B = Vault XP
 C = Vault XP percentage of total XP
 D = Non-vault monster count
 E = Vault monster count
 F = Vault count percentage of total count
                 A         B        C        D         E       F
            +---------+---------+-------+---------+---------+-------
      Total |       8 |       1 |  11.1 |       4 |       1 |  20.0
            +---------+---------+-------+---------+---------+-------
        D:1 |       8 |       1 |  11.1 |       4 |       1 |  20.0
            +---------+---------+-------+---------+---------+-------
